 Dungeon Crawl Stone Soup version 0.25-a0-201-g0bb11aece9 (webtiles) character file.

Game seed: 13863108283388987393, levelgen mode: deterministic

37719 MisterFreud the Nimble (level 13, -2/61 HPs)
             Began as a Felid Artificer on Dec 2, 2019.
             Was a Follower of Uskayaw.
             Slain by a frost giant
             ... wielding a +1 battleaxe of freezing
              (6 damage)
             ... on level 14 of the Dungeon.
             The game lasted 01:27:55 (38921 turns).

MisterFreud the Nimble (Felid Artificer)           Turns: 38921, Time: 01:27:55

Health: -2/61      AC:  3    Str:  8    XL:     13   Next: 59%
Magic:  28/28      EV: 34    Int: 23    God:    Uskayaw [*.....]
Gold:   1671       SH:  0    Dex: 18    Spells: 20/32 levels left
                                        Lives:  0   Deaths: 3

rFire    . . .     SeeInvis +     - Unarmed
rCold    + . .     Gourm    .   (shield unavailable)
rNeg     . . .     Faith    +   (armour unavailable)
rPois    .         Spirit   .   (helmet unavailable)
rElec    .         Reflect  .   (cloak unavailable)
rCorr    .         Harm     .   (gloves unavailable)
MR       ++++.                  (boots unavailable)
Stlth    ++++++....             w - amulet of faith
HPRegen  0.20/turn              i - ring of Charity {rC+ Int+7 SInv}
MPRegen  0.21/turn              o - ring "Zobufio" {*Drain rC- MR+++ EV+3 Stlth+}

@: deflect missiles, quick
A: very small, no armour, no weapons or thrown items, stealth, claws 1, fangs 3,
see invisible, carnivore, speed 1, shaggy fur 3, slow metabolism 1, sharp paws
a: Stomp, Renounce Religion


You were on level 14 of the Dungeon.
You worshipped Uskayaw.
Uskayaw was pleased with you.
You were completely stuffed.

You visited 3 branches of the dungeon, and saw 22 of its levels.

You collected 2278 gold pieces.
You spent 607 gold pieces at shops.

Inventory:

Jewellery
 i - the ring of Charity (left paw) {rC+ Int+7 SInv}
   (You found it on level 5 of the Dungeon)

   [ring of protection from cold]

   It affects your intelligence (+7).
   It protects you from cold.
   It lets you see invisible.
 k - an uncursed ring of fire
 o - the ring "Zobufio" (right paw) {*Drain rC- MR+++ EV+3 Stlth+}
   (You found it on level 6 of the Dungeon)

   [ring of evasion]

   It affects your evasion (+3).
   It makes you vulnerable to cold.
   It affects your resistance to hostile enchantments.
   It causes draining when unequipped.
   It makes you more stealthy.
 s - an uncursed amulet of guardian spirit
 w - an amulet of faith (around neck)
 x - a +2 ring of protection
 B - an uncursed ring of positive energy {unknown}
 E - an uncursed ring of magical power {unknown}
 G - a +5 amulet of reflection
 H - a +5 amulet of reflection
 I - a +3 ring of intelligence
 J - an uncursed ring of wizardry {unknown}
 N - a cursed +4 ring of dexterity
Wands
 a - a wand of flame (6)
 b - a wand of enslavement (16)
 u - a wand of polymorph (15)
 M - a wand of random effects (22)
Scrolls
 f - 13 scrolls of remove curse
 j - 4 scrolls of magic mapping
 m - 5 scrolls of amnesia
 p - 10 scrolls of teleportation
 q - 5 scrolls of fog
 y - 4 scrolls of fear
 P - 2 scrolls of identify
Potions
 e - a potion of agility
 g - a potion of lignification
 h - 2 potions of curing
 l - 2 potions of heal wounds
 n - 2 potions of cancellation
 r - a potion of resistance
 t - a potion of might
 v - 2 potions of invisibility
 z - a potion of berserk rage
 A - 2 potions of haste
 C - a potion of flight
 D - 4 potions of brilliance
 F - 2 potions of ambrosia
 K - a potion of magic
 L - a potion of mutation
Miscellaneous
 c - a fan of gales
Comestibles
 d - 58 rations


   Skills:
 - Level 10.0 Fighting
 + Level 14.7 Dodging
 - Level 10.0 Stealth
 - Level 10.1 Unarmed Combat
 - Level 10.0 Spellcasting
 - Level 6.1 Hexes
 - Level 10.0 Charms
 - Level 4.0 Ice Magic
 - Level 4.0 Air Magic
 - Level 12.0 Invocations
 - Level 5.0 Evocations


You had 20 spell levels left.
You knew the following spells:

 Your Spells              Type           Power        Failure   Level  Hunger
a - Ozocubu's Armour      Chrm/Ice       #####...     1%          3    None
b - Deflect Missiles      Chrm/Air       #####.....   43%         6    ######.
c - Confuse               Hex            #####...     1%          3    None

Your spell library contained the following spells:

 Spells                   Type           Power        Failure   Level  Hunger
 Confusing Touch          Hex            #####.       1%          1    None
 Freeze                   Ice            ####         1%          1    None
 Throw Frost              Conj/Ice       ###...       3%          2    None
 Cause Fear               Hex            #####.....   4%          4    #......
 Gell's Gravitas          Tloc           ##........   17%         3    None
 Metabolic Englaciation   Hex/Ice        ####......   19%         5    ####...
 Silence                  Hex/Air        ####......   19%         5    ####...
 Summon Ice Beast         Ice/Summ       ###.....     24%         4    #......
 Throw Icicle             Conj/Ice       ###.....     24%         4    #......
 Yara's Violent Unravell  Hex/Tmut       ####......   41%         5    ####...
 Petrify                  Tmut/Erth      ##......     50%         4    #......
 Discord                  Hex            #####.....   100%        8    #######


Dungeon Overview and Level Annotations

Branches:
Dungeon (14/15)            Temple (0/1) D:7            Lair (6/6) D:11
  Swamp (0/4) Lair:4       Spider (0/4) Lair:4        Slime (0/5) Lair:6
    Orc (2/2) D:9             Elf (0/3) Orc:2        Vaults (0/5) D:13

Altars:
Elyvilon
Gozag
Kikubaaqudgha
Makhleb
Okawaru
Qazlal
Ru
Trog
Uskayaw
Vehumet
Xom
Zin
The Shining One
Beogh
Jiyva

Shops:
D:5 *(:!*   Orc:2 *!(((

Annotations:
D:7 2 transporters
D:8 Prince Ribbit
D:9 2 transporters, bmj180's ghost, novice HOFi
D:14 exclusion: ice statue
Lair:3 exclusion: downstairs
Lair:4 exclusion: upstairs
Lair:6 direelephant vault


Innate Abilities, Weirdness & Mutations

You cannot wear armour.
You are incapable of wielding weapons or throwing items.
Your paws allow you to move quietly. (Stealth)
You have sharp claws.
You have razor-sharp teeth.
You have supernaturally acute eyesight. (SInv)
You are carnivorous and can eat meat at any time.
You cover ground quickly.
Your thick and shaggy fur keeps you warm. (AC +3, rC+)
You have a slow metabolism.
Your sharp claws are effective at attacking unaware monsters.


Message History

You swap places.
The frost giant is no longer charmed.
The frost giant casts a spell at you. The bolt of cold misses you.
Evoke which item? (* to show all) (? for menu, Esc to quit)
Aiming: Throw Flame
Press: ? - help, Shift-Dir - straight line, f - frost giant
Aim: a frost giant, wielding a +1 battleaxe of freezing (severely wounded)
The puff of flame hits the frost giant!
The frost giant is almost dead.
Evoke which item? (* to show all) (? for menu, Esc to quit)
Aiming: Throw Flame
Press: ? - help, Shift-Dir - straight line, f/p - frost giant
Aim: a frost giant, wielding a +1 battleaxe of freezing (almost dead)
The puff of flame hits the frost giant.
The frost giant is almost dead.
The frost giant hits you with a +1 battleaxe of freezing!!
* * * LOW HITPOINT WARNING * * *
The frost giant freezes you.
You die...

#.##.####)####........##
.##.## ##(##.########.##
.#.## ..##..##...†..##.##
.#.# ..####.######.##.##
.#.# ..###.##....##.##)##
.#.## ..##.##)####.##)##.#
.##.## #.#.##.##..##.##.#(#
#.##.####.#.#.##....##.#.#.#
##.##.....#.#.#.@C.).#.#.#.#
.##.#####.#.##)...((.#.#.#.#
..##....#.##.###....##.#.#.#
..#####.##.##.)##..##.##.#.#
..# ##.##.###.####.##.##.#
### ##.##..##..).##.##)##
##.###.######.##.##
##..##...)..##.##
###.########.##


You could see a frost giant.

Vanquished Creatures
  Jorgrun (Orc:1)
  Gastronok (D:8)
  A frost giant (D:14)
  Harold (D:8)
  4 vault guards
  2 ogre magi (Orc:2)
  An ice dragon (D:14)
  7 hydras
  5 centaur warriors
  14 two-headed ogres
  A skeletal warrior (D:14)
  A death drake (Orc:1)
  2 deep trolls
  2 orc knights (Orc:2)
  3 deep elf magi
  2 orc sorcerers (Orc:1)
  3 ugly things
  4 cyclopes
  3 manticores (D:13)
  13 elephants
  3 black mambas
  4 gargoyles
  6 spiny frogs
  A centaur skeleton (D:14)
  2 efreet
  4 komodo dragons
  7 rime drakes
  A rime drake (shapeshifter) (D:14)
  2 ice devils (Lair:2)
  A tengu conjurer (D:13)
  A queen bee (Lair:1)
  15 trolls
  3 polar bears
  2 hornets
  6 slime creatures (D:12)
  3 blink frogs (Lair:5)
  11 hippogriffs
  45 yaks
  2 wraiths (D:11)
  A wyvern (Lair:2)
  7 humans
  Grum (D:8)
  3 basilisks
  A vampire mosquito (D:14)
  A hungry ghost (D:8)
  Edmund (D:4)
  A soldier ant (D:13)
  2 acid dragons (D:14)
  13 water moccasins
  9 porcupines
  A swamp drake (D:9)
  6 ice beasts
  3 black bears
  12 orc warriors
  5 sky beasts
  A phantom (D:11)
  An eye of draining (D:12)
  2 necrophages
  15 centaurs
  25 ogres
  12 crocodiles
  16 wolves
  16 bullfrogs
  4 big kobolds
  Blork the orc (Orc:2)
  A gnoll sergeant (Orc:2)
  A wyvern skeleton (D:14)
  5 scorpions
  22 killer bees
  2 howler monkeys
  10 wights
  2 electric eels (Lair:4)
  3 centaur zombies
  9 crimson imps
  8 hounds
  3 jellies
  A quasit (D:11)
  3 bullfrog skeletons
  5 bullfrog zombies
  13 orc priests
  24 orc wizards
  7 iguanas
  18 worker ants
  A hound skeleton (D:8)
  A howler monkey zombie (D:7)
  A worker ant zombie (D:5)
  16 adders
  4 gnolls
  2 shadow imps
  2 oozes
  2 adder skeletons
  6 worms
  3 dart slugs
  7 leopard geckos
  70 orcs
  8 giant cockroaches
  9 hobgoblins
  5 jackals
  24 kobolds
  7 quokkas
  2 ball pythons
  4 bats
  3 frilled lizards (D:3)
  10 goblins
  A leopard gecko zombie (D:6)
  7 rats
682 creatures vanquished.

Vanquished Creatures (collateral kills)
  An ettin (D:14)
  A slime creature (shapeshifter) (D:14)
2 creatures vanquished.

Vanquished Creatures (others)
  A human (D:13)
  An orc (D:3)
  18 fungi
  7 plants
27 creatures vanquished.

Grand Total: 711 creatures vanquished

Notes
Turn   | Place    | Note
-------+----------+-------------------------------------------
     0 | D:1      | MisterFreud the Felid Artificer began the quest for the
                  | Orb.
     0 | D:1      | Reached XP level 1. HP: 9/9 MP: 4/4
   619 | D:1      | Reached XP level 2. HP: 9/13 MP: 5/5
  1541 | D:2      | Reached XP level 3. HP: 13/17 MP: 6/6
  2282 | D:2      | Reached XP level 4. HP: 16/22 MP: 7/7
  2678 | D:2      | Found a burning altar of Makhleb.
  2772 | D:2      | Reached skill level 3 in Dodging
  3272 | D:3      | Found a sacrificial altar of Ru.
  3842 | D:3      | Reached XP level 5. HP: 18/25 MP: 8/8
  4643 | D:4      | Reached skill level 4 in Dodging
  4845 | D:4      | Found a stormy altar of Qazlal.
  5232 | D:4      | Noticed an ogre
  5259 | D:4      | Killed an ogre
  5259 | D:4      | Reached skill level 5 in Dodging
  5259 | D:4      | Gained mutation: You are covered in thick fur. (AC +2)
                  | [Felid growth]
  5259 | D:4      | Reached XP level 6. HP: 16/28 MP: 9/9
  5407 | D:4      | Noticed Edmund
  5426 | D:4      | Killed Edmund
  5426 | D:4      | Reached skill level 6 in Dodging
  5701 | D:4      | Found an ancient bone altar of Kikubaaqudgha.
  5862 | D:5      | Entered Level 5 of the Dungeon
  5862 | D:5      | Found Neceuqul's Book Emporium.
  6894 | D:5      | Reached XP level 7. HP: 32/32 MP: 10/10
  7441 | D:5      | Found Dehe's Distillery.
  7450 | D:5      | Bought a potion of lignification for 39 gold pieces
  7450 | D:5      | Bought 2 potions of lignification for 78 gold pieces
  7450 | D:5      | Bought a potion of curing for 39 gold pieces
  7450 | D:5      | Bought a potion of degeneration for 13 gold pieces
  7454 | D:5      | Found Jeok's General Store.
  7511 | D:5      | Got a transparent tin ring
  7512 | D:5      | Identified the ring of Charity {rC+ Int+7 SInv} (You found
                  | it on level 5 of the Dungeon)
  7516 | D:5      | Found Moidoam's General Store.
  7592 | D:5      | Found Xiujidu's Antique Weapon Shoppe.
  7654 | D:5      | Reached skill level 7 in Dodging
  7723 | D:5      | Found a bloodstained altar of Trog.
  7948 | D:5      | Bought a scroll of teleportation for 39 gold pieces
  7983 | D:5      | Bought a scroll of fog for 22 gold pieces
  8083 | D:5      | Reached skill level 5 in Stealth
  8339 | D:6      | Reached XP level 8. HP: 21/36 MP: 12/12
  8762 | D:6      | Got a smoking lead ring
  8770 | D:6      | Identified the ring "Zobufio" {*Drain rC- MR+++ EV+3
                  | Stlth+} (You found it on level 6 of the Dungeon)
  9149 | D:6      | Found a shimmering altar of Xom.
  9149 | D:6      | Found an iron altar of Okawaru.
  9150 | D:6      | Found an opulent altar of Gozag.
  9233 | D:6      | Found a hide-covered altar of Uskayaw.
  9244 | D:6      | Became a worshipper of Uskayaw the Reveler
  9343 | D:7      | Reached * piety under Uskayaw
  9358 | D:7      | Reached ** piety under Uskayaw
  9365 | D:7      | Reached skill level 5 in Fighting
  9365 | D:7      | Reached *** piety under Uskayaw
  9367 | D:7      | Reached **** piety under Uskayaw
  9389 | D:6      | Slain by an ice beast
  9390 | D:6      | Reached XP level 7. HP: 0/33 MP: 0/11
  9436 | D:6      | Reached skill level 5 in Evocations
  9715 | D:7      | Reached skill level 8 in Dodging
  9715 | D:7      | Reached skill level 5 in Unarmed Combat
  9761 | D:7      | Found a staircase to the Ecumenical Temple.
 10036 | D:7      | Found a radiant altar of Vehumet.
 10121 | D:7      | Found a transporter.
 10124 | D:7      | Noticed a fire bat
 10126 | D:7      | Noticed a fire bat
 10130 | D:7      | Noticed a fire elemental
 10140 | D:7      | Reached XP level 8. HP: 37/37 MP: 12/12
 10265 | D:7      | Found a transporter.
 10337 | D:7      | Reached skill level 9 in Dodging
 10700 | D:8      | Noticed Gastronok
 10716 | D:8      | Killed Gastronok
 10716 | D:8      | Reached skill level 13 in Dodging
 10716 | D:8      | Reached XP level 9. HP: 41/41 MP: 9/13
 10824 | D:8      | Reached skill level 1 in Spellcasting
 10824 | D:8      | Reached skill level 1 in Invocations
 11105 | D:8      | Noticed a two-headed ogre
 11111 | D:8      | Killed a two-headed ogre
 11111 | D:8      | Reached XP level 10. HP: 45/45 MP: 13/15
 11129 | D:8      | Noticed Harold
 11142 | D:8      | Killed Harold
 11386 | D:8      | Learned a level 3 spell: Ozocubu's Armour
 11572 | D:8      | Reached skill level 1 in Charms
 11634 | D:8      | Noticed Grum
 11648 | D:8      | Reached skill level 1 in Ice Magic
 11652 | D:8      | Killed Grum
 11673 | D:8      | Reached ***** piety under Uskayaw
 11777 | D:8      | Noticed Prince Ribbit
 12158 | D:8      | Found a glowing silver altar of Zin.
 12158 | D:8      | Found a white marble altar of Elyvilon.
 12159 | D:8      | Found a glowing golden altar of the Shining One.
 12335 | D:9      | Found a transporter.
 12650 | D:9      | Found a transporter.
 12652 | D:9      | Noticed a skeletal warrior
 12672 | D:9      | Noticed bmj180's ghost (novice HOFi)
 12824 | D:9      | Reached skill level 5 in Invocations
 13144 | D:9      | Found a staircase to the Orcish Mines.
 13601 | D:10     | Entered Level 10 of the Dungeon
 13650 | D:10     | Noticed a two-headed ogre
 13666 | D:10     | Killed a two-headed ogre
 13666 | D:10     | Reached skill level 5 in Spellcasting
 13837 | D:10     | Noticed a deep elf mage
 13850 | D:10     | Killed a deep elf mage
 13850 | D:10     | Reached XP level 11. HP: 40/48 MP: 20/20
 14648 | D:11     | Reached skill level 5 in Charms
 15061 | D:11     | Found a staircase to the Lair.
 15101 | D:11     | Noticed a brown ugly thing
 15115 | D:11     | Killed a brown ugly thing
 16214 | D:12     | Noticed a two-headed ogre
 16229 | D:12     | Killed a two-headed ogre
 16525 | D:12     | Noticed a seven-headed hydra
 16554 | D:12     | Killed a seven-headed hydra
 17226 | Lair:1   | Entered Level 1 of the Lair of Beasts
 17562 | Lair:1   | Gained mutation: Your thick and shaggy fur keeps you warm.
                  | (AC +3, rC+) [Felid growth]
 17562 | Lair:1   | Reached XP level 12. HP: 38/54 MP: 18/25
 19258 | Lair:1   | Reached ****** piety under Uskayaw
 19673 | Lair:2   | Noticed a six-headed hydra
 20024 | Lair:2   | Noticed a six-headed hydra
 20030 | Lair:2   | Killed a six-headed hydra
 20398 | Lair:2   | Reached skill level 10 in Stealth
 20764 | Lair:2   | Killed a six-headed hydra
 21355 | Lair:2   | Learned a level 6 spell: Deflect Missiles
 21359 | Lair:2   | Learned a level 3 spell: Confuse
 21402 | Lair:3   | Reached skill level 1 in Hexes
 22125 | Lair:3   | Reached skill level 5 in Hexes
 22187 | Lair:3   | Reached XP level 13. HP: 60/60 MP: 26/26
 23110 | Lair:4   | Found a hole to the Spider Nest.
 23528 | Lair:4   | Found a staircase to the Swamp.
 24512 | Lair:5   | Reached skill level 10 in Fighting
 24749 | Lair:5   | You fall into a shaft and drop 1 floor!
 24749 | Lair:6   | Entered Level 6 of the Lair of Beasts
 24966 | Lair:5   | Reached skill level 10 in Unarmed Combat
 25552 | Lair:5   | Reached skill level 1 in Air Magic
 26684 | Orc:1    | Entered Level 1 of the Orcish Mines
 26692 | Orc:1    | Found a bloodstained altar of Trog.
 26845 | Orc:1    | Noticed Snorg
 26851 | Orc:1    | Noticed Snorg
 26851 | Orc:1    | Snorg changed into Snorg the death drake
 27027 | Orc:1    | Noticed Jorgrun
 27042 | Orc:1    | Killed Jorgrun
 27121 | Orc:1    | Killed Snorg the death drake
 27281 | Orc:2    | Entered Level 2 of the Orcish Mines
 27287 | Orc:2    | Noticed Blork the orc
 27519 | Orc:1    | HP: 2/61 [ogre/+0 giant club (17)]
 27924 | Orc:1    | Reached XP level 14. HP: 36/66 MP: 21/27
 29369 | Orc:2    | Reached skill level 10 in Charms
 30147 | Orc:2    | Found Varchod's Antique Weapon Boutique.
 30156 | Orc:2    | Found Taelow's Weapon Emporium.
 30161 | Orc:2    | Found Dig Jaor's Distillery.
 30162 | Orc:2    | Found Duisodeo's General Store.
 30176 | Orc:2    | Found a staircase to the Elven Halls.
 30179 | Orc:2    | Bought a potion of magic for 104 gold pieces
 30179 | Orc:2    | Bought a potion of heal wounds for 65 gold pieces
 30179 | Orc:2    | Bought a potion of mutation for 104 gold pieces
 30179 | Orc:2    | Bought a potion of invisibility for 104 gold pieces
 30886 | Orc:2    | Found Giffur's Antique Weapon Shop.
 30948 | Orc:2    | Killed Blork the orc
 31321 | Orc:2    | Found a roughly hewn altar of Beogh.
 32648 | Lair:6   | Reached skill level 10 in Invocations
 32754 | Lair:6   | HP: 2/66 [water moccasin (8)]
 33498 | Lair:6   | Found a viscous altar of Jiyva.
 33499 | Lair:6   | Found a staircase to the Slime Pits.
 36226 | D:12     | HP: 2/99 [seven-headed hydra (8)]
 36226 | D:12     | Mangled by a seven-headed hydra
 36227 | D:12     | Reached XP level 13. HP: -7/91 MP: 26/26
 37036 | D:13     | HP: 3/61 [centaur warrior (10)]
 37228 | D:13     | Reached XP level 14. HP: 48/66 MP: 23/27
 37240 | D:13     | Found a gate to the Vaults.
 38205 | D:14     | Slain by a cyan ugly thing
 38206 | D:14     | Reached XP level 13. HP: -2/61 MP: 27/27
 38491 | D:14     | Reached skill level 10 in Spellcasting
 38801 | D:14     | Reached skill level 14 in Dodging
 38872 | D:14     | Noticed a frost giant
 38872 | D:14     | Noticed an ettin
 38873 | D:14     | Noticed a frost giant
 38888 | D:14     | Killed a frost giant
 38899 | D:14     | Killed an ettin
 38921 | D:14     | Slain by a frost giant

Levels and vault maps discovered:
D:1:      dpeg_arrival_renting, layout_basic
D:2:      layout_loops_ring, overflow_temple_1_default, first_ration,
          serial_aquarium, aquarium_bridge_straight [aquarium_subvault_bridge,
          aquarium_subvault_window, aquarium_subvault_bridge,
          aquarium_subvault_wall], aquarium_window_fake, aquarium_window_fake,
          aquarium_window_1, aquarium_view_2d, aquarium_balcony_3b,
          minmay_small_reverse_x
D:3:      layout_basic, lemuel_doored_altar
D:4:      layout_basic, kennysheep_mini_moat, nicolae_overflow_hidden_temple,
          nrook_uturn, uniq_edmund
D:5:      layout_basic, lightli_temple_of_fire, serial_shops, shop,
          nicolae_shop_behind_doors, shop, shop, shop, serial_rivers,
          chequers_serial_rivers_micro_d, chequers_serial_rivers_small_a,
          chequers_serial_rivers_room_b, chequers_serial_rivers_small_3
D:6:      layout_loops_ring, lemuel_coloured_pillars_altar,
          gammafunk_temple_overflow_claw
D:7:      gammafunk_cloud_chamber, layout_basic,
          minmay_temple_entry_purple_smoke, basic_altar
D:8:      layout_loops_corners, good_gods_mini_temple, blue_anna_alchemist
          [blue_anna_fruit_fields, blue_anna_fruit_fields], minivault_5,
          uniq_harold, uniq_gastronok, uniq_prince_ribbit1, uniq_grum
D:9:      layout_long_grid, erik_orc_1, gammafunk_ghost_mausoleum,
          minmay_misc_feat_hallway
D:10:     layout_roguey
D:11:     layout_basic, grunt_lair_entry_orc_guard_hut,
          corexii_leaking_fountain, hive_lemuel
D:12:     layout_roguey
D:13:     layout_long_grid, ximxim_vaults_locker_room, serial_co_window_serial,
          co_window_paths_a, co_window_paths_a, co_window_of_opportunity_a,
          co_window_of_opportunity_a, co_window_corner_a, co_window_broadway_a,
          co_window_of_opportunity_b, co_window_corner_ca, co_window_corner_cb,
          co_window_broadway_a, co_window_corner_b, co_window_of_opportunity_c,
          co_window_4corner_b, co_window_paths_d, glass_columns_a,
          grunt_ministairs_10
D:14:     kennysheep_snake, layout_irregular_city,
          minmay_misc_feat_four_crosses, ice2_lemuel
Lair:1:   beast_lair_carwin_large_4, layout_long_grid, special_room
          [special_room_bee], cheibrodos_lair_caveside_slide,
          serial_bayou_shore_b
Lair:2:   layout_roguey, portal_ice_cave_demonic_guard
Lair:3:   layout_gridlike, grunt_megastairs_2
Lair:4:   nzn_motion_control, layout_cave_pods, swamp_mist_pool,
          nicolae_spider_entry_non_spiders, serial_bayou_shore_a,
          grunt_megastairs_5
Lair:5:   layout_regular_city, serial_bayou_pond_b
Lair:6:   due_jungle_book, layout_loops_ring, dpeg_slime_entry_enclosed_altar,
          minmay_lair_drake_nest
Orc:1:    layout_caves, bloody_trog, uniq_jorgrun, uniq_snorg
Orc:2:    st_orc_open, layout_caves, basic_altar, serial_shops,
          nicolae_shop_waterfront, sword_in_stone

Skill      XL: |  1  2  3  4  5  6  7  8  9 10 11 12 13 14 |
---------------+-------------------------------------------+-----
Fighting       | 2 3 4 6 7 9 10 | 10.0
Dodging        | 3 5 6 8 13 14 | 14.7
Unarmed Combat | 2 3 5 6 8 10 | 10.1
Stealth        | 2 5 6 8 10 | 10.0
Evocations     | 5 |  5.0
Spellcasting   | 2 5 8 10 9 | 10.0
Invocations    | 2 5 6 8 12 | 12.0
Charms         | 4 5 8 10 | 10.0
Ice Magic      | 2 4 |  4.0
Hexes          | 5 6 |  6.1
Air Magic      | 4 |  4.0

Action                   |  1- 3 |  4- 6 |  7- 9 | 10-12 | 13-15 || total
-------------------------+-------+-------+-------+-------+-------++-------
Melee: Unarmed           |   119 |   214 |   427 |  1294 |  1315 ||  3369
       Bite              |    12 |    18 |    42 |   153 |   166 ||   391
       Punch             |     1 |     1 |    10 |    47 |    73 ||   132
 Cast: Ozocubu's Armour  |       |       |       |     6 |     3 ||     9
       Confuse           |       |       |       |       |   134 ||   134
       Deflect Missiles  |       |       |       |       |     2 ||     2
Invok: Line Pass         |       |       |       |     1 |       ||     1
       Stomp             |       |       |       |       |     3 ||     3
       Grand Finale      |       |       |       |       |     2 ||     2
Evoke: Wand              |     5 |    18 |     9 |    47 |    15 ||    94
       Fan of gales      |       |       |       |       |     1 ||     1
  Use: Scroll            |     1 |     7 |     4 |     9 |     8 ||    29
       Potion            |     1 |     1 |     1 |     6 |    12 ||    21
 Stab: Sleeping          |     6 |    10 |    12 |    44 |    36 ||   108
       Paralysed         |       |     7 |     8 |    42 |    78 ||   135
       Confused          |       |       |     1 |       |    67 ||    68
       Distracted        |       |       |       |     7 |     3 ||    10
       Invisible         |       |       |       |       |     4 ||     4
  Eat: Chunk             |    10 |     9 |    14 |    32 |    45 ||   110
Armor: Skin              |     5 |     9 |    13 |    56 |   143 ||   226
Dodge: Dodged            |    91 |   152 |   347 |  1422 |  1519 ||  3531
       Deflected         |       |       |       |       |    16 ||    16

Table legend:
 A = Non-vault XP
 B = Vault XP
 C = Vault XP percentage of total XP
 D = Non-vault monster count
 E = Vault monster count
 F = Vault count percentage of total count
                 A         B        C        D         E       F
            +---------+---------+-------+---------+---------+-------
      Total |   65756 |   53605 |  44.9 |     497 |     187 |  27.3
            +---------+---------+-------+---------+---------+-------
        D:1 |      30 |       0 |   0.0 |      17 |       0 |   0.0
        D:2 |     103 |       8 |   7.2 |      26 |       4 |  13.3
        D:3 |      88 |       0 |   0.0 |      27 |       0 |   0.0
        D:4 |     219 |     157 |  41.8 |      13 |       1 |   7.1
        D:5 |     608 |       0 |   0.0 |      18 |       0 |   0.0
        D:6 |     710 |       0 |   0.0 |      21 |       0 |   0.0
        D:7 |    1072 |       0 |   0.0 |      30 |       0 |   0.0
        D:8 |    2316 |    3839 |  62.4 |      28 |       6 |  17.6
        D:9 |     297 |    2967 |  90.9 |       8 |      21 |  72.4
       D:10 |    2348 |       0 |   0.0 |      13 |       0 |   0.0
       D:11 |    3081 |     710 |  18.7 |      38 |       6 |  13.6
       D:12 |    8294 |    2191 |  20.9 |      36 |       3 |   7.7
       D:13 |    6748 |    4668 |  40.9 |      46 |      13 |  22.0
       D:14 |    4678 |   12640 |  73.0 |      13 |      33 |  71.7
     Lair:1 |    3351 |    3265 |  49.4 |      17 |      35 |  67.3
     Lair:2 |    4358 |     708 |  14.0 |      13 |       2 |  13.3
     Lair:3 |    7387 |     298 |   3.9 |      31 |       2 |   6.1
     Lair:4 |    2643 |     958 |  26.6 |      14 |      12 |  46.2
     Lair:5 |    6165 |    1269 |  17.1 |      19 |       5 |  20.8
     Lair:6 |    5974 |    1490 |  20.0 |      19 |       4 |  17.4
      Orc:1 |    3738 |    7918 |  67.9 |      27 |      12 |  30.8
      Orc:2 |    1548 |   10519 |  87.2 |      23 |      28 |  54.9
            +---------+---------+-------+---------+---------+-------
